 Dungeon Crawl Stone Soup version 0.29.1-2-gbd0b4ee654 (webtiles) character file.

Game seed: 2592713334348948475

121 KittyFluff the Cudgeller (level 5, -1/33 HPs)
             Began as a Gargoyle Berserker on Nov 14, 2022.
             Was a Believer of Trog.
             Splashed by a jelly's acid (9 damage)
             ... on level 4 of the Dungeon.
             The game lasted 00:10:39 (3026 turns).

KittyFluff the Cudgeller (Gargoyle Berserker)       Turns: 3026, Time: 00:10:41

Health: -1/33      AC: -7    Str: 21    XL:     5   Next: 5%
Magic:  5/5        EV: 12    Int:  7    God:    Trog [**....]
Gold:   235        SH:  0    Dex: 11    Spells: 4/4 levels left

rFire   . . .      SeeInvis .   C - +0 quarterstaff
rCold   . . .      Faith    .   (shield currently unavailable)
rNeg    + . .      Spirit   .   b - +0 animal skin
rPois   ∞          Reflect  .   q - +0 helmet
rElec   +          Harm     .   w - scarf {repulsion}
rCorr   .          Rampage  .   (no gloves)
Will    .....                   r - +0 pair of boots
Stlth   +.........              (no amulet)
HPRegen 0.11/turn               (no ring)
MPRegen 0.09/turn               (no ring)

@: corroded, repel missiles
A: sickness immunity, AC +4, negative energy resistance 1, electricity
resistance, torment resistance 1, petrification resistance
a: Renounce Religion, Berserk, Trog's Hand


You were on level 4 of the Dungeon.
You worshipped Trog.
Trog was pleased with you.
You visited 1 branch of the dungeon, and saw 4 of its levels.

You collected 235 gold pieces.

Inventory:

Hand Weapons
 a - a +0 mace
 n - a +0 sling
 C - a +0 quarterstaff (weapon)
Missiles
 l - 2 javelins
 s - 2 boomerangs (quivered)
 A - 2 poisoned darts
Armour
 b - a +0 animal skin (worn)
 g - a +0 cloak
 p - an orb of mayhem
 q - a +0 helmet (worn)
 r - a +0 pair of boots (worn)
 w - a scarf of repulsion (worn)
 z - a +0 leather armour
Jewellery
 v - an amulet of magic regeneration
Scrolls
 e - 2 scrolls of immolation {unknown}
 h - a scroll of torment {unknown}
 j - a scroll of acquirement {unknown}
 o - a scroll of vulnerability {unknown}
 t - a scroll of blinking {unknown}
 u - 3 scrolls of teleportation {unknown}
 y - a scroll of enchant weapon {unknown}
Potions
 c - a potion of might {unknown}
 d - a potion of brilliance {unknown}
 f - 2 potions of invisibility {unknown}
 i - 4 potions of curing {unknown}
 k - 3 potions of haste {unknown}
 m - a potion of berserk rage {unknown}
 B - a potion of ambrosia {unknown}


   Skills:
 + Level 3.9 Fighting
 + Level 4.2 Maces & Flails
 * Level 3.2 Armour
 + Level 2.1 Dodging
 + Level 0.5 Stealth


You had 4 spell levels left.
You didn't know any spells.
Your spell library was empty.

Dungeon Overview and Level Annotations

Branches:
Dungeon (4/15)
 Temple: D:4-7

Altars:


Innate Abilities, Weirdness & Mutations

You are immune to sickness and miasma.
Your stone body is resilient. (AC +4)
You are immune to poison.
You resist negative energy. (rN+)
You are resistant to electric shocks. (rElec)
You are resistant to unholy torment.
You are immune to petrification.


Message History

There are no items here.
You see here 2 poisoned darts.
A - 2 poisoned darts
Found 12 gold pieces.
Found a quarterstaff.
You now have 223 gold pieces (gained 9).
B - a pink potion You now have 235 gold pieces (gained 12).
You see here a +0 quarterstaff.
C - a +0 quarterstaff
C - a +0 quarterstaff (weapon)
You drop a staff of conjuration.
Found 8 stones.
You see here 8 stones.
You see here 8 stones.
Found 4 gold pieces.
Found a stone staircase leading down.
Found 3 poisoned darts.
A jelly comes into view.
The jelly quivers.
The jelly hits you but does no damage.
You hit the jelly. The acid corrodes you!
Your hands burn!
The jelly is lightly wounded.
The jelly hits you but does no damage. The jelly closely misses you.
You hit the jelly.
Your hands burn!
The jelly is lightly wounded.
The jelly misses you.
You hit the jelly. The acid corrodes you!
Your hands burn!
The jelly is moderately wounded.
The jelly misses you.
You hit the jelly. The acid corrodes you!
Your hands burn!
The jelly is heavily wounded.
The jelly hits you.
You are splashed with acid.
You hit the jelly.
Your hands burn!
* * * LOW HITPOINT WARNING * * *
The jelly is severely wounded.
The jelly hits you.
* * * LOW HITPOINT WARNING * * *
The acid corrodes you!
You are splashed with acid!
You die...

.# ##.###.# #<.....# .
##.##### .. ... ...####+###
# ###########
#........###.# ..........#
...........#
#########.#.#####(....####.
..........#....J@..........
...################...#####
...#####<#.................
..........................>
########.#.#######.........
# #.#.# ##..#####. #+#..
...# .### ...# . #...#


You could see a jelly.

Vanquished Creatures
  An orc wizard (D:3)
  3 adders
  A gnoll (D:1)
  A worm (D:4)
  A dart slug (D:3)
  7 orcs
  8 ball pythons
  An endoplasm (D:2)
  A giant cockroach (D:1)
  2 goblins
  4 hobgoblins
  5 kobolds
  6 quokkas
  3 bats (D:1)
  A frilled lizard (D:2)
  3 rats (D:2)
48 creatures vanquished.

Notes
Turn   | Place    | Note
-------+----------+-------------------------------------------
     0 | D:1      | KittyFluff the Gargoyle Berserker began the quest for the
                  | Orb.
     0 | D:1      | Reached XP level 1. HP: 14/14 MP: 1/1
    67 | D:1      | Reached XP level 2. HP: 9/19 MP: 2/2
   772 | D:1      | Reached XP level 3. HP: 24/24 MP: 3/3
  1233 | D:2      | Reached ** piety under Trog
  1500 | D:2      | Reached XP level 4. HP: 15/29 MP: 4/4
  1644 | D:2      | Found a faded altar of an unknown god.
  2351 | D:3      | Reached skill level 4 in Maces & Flails
  2381 | D:3      | HP: 2/43 [orc/+0 dagger (1)]
  2383 | D:3      | Reached XP level 5. HP: 3/33 MP: 5/5
  3026 | D:4      | Splashed by a jelly's acid

Illustrated notes

Levels and vault maps discovered:
D:1:      lemuel_arrival_broad_hall, layout_rooms
D:2:      layout_loops_ring, hellmonk_ecumenical_altar_defaced_shrine,
          kennysheep_generic_room_7
D:3:      layout_loops_cross
D:4:      layout_basic, brannock_xom_greatest_gift

Skill      XL: |  1  2  3  4 |
---------------+-------------+-----
Dodging        | 2 |  2.1
Armour         | 3 |  3.2
Maces & Flails | 4 |  4.2
Fighting       | |  3.9
Stealth        | |  0.5

Action                   |  1- 3 |  4- 6 || total
-------------------------+-------+-------++-------
Melee: Mace              |   137 |    79 ||   216
       Punch             |     1 |       ||     1
       Quarterstaff      |       |     5 ||     5
Invok: Berserk           |       |     1 ||     1
Armor: Animal skin       |    78 |    32 ||   110
Dodge: Dodged            |   133 |    50 ||   183
       Repelled          |       |     1 ||     1
